 Dungeon Crawl Stone Soup version 0.25.0-8-gfd19cd77bd (webtiles) character file.

Game seed: 13241947936554597098

9258 Kerr0r the Severer (level 11, -2/166 HPs)
             Began as a Hill Orc Berserker on June 16, 2020.
             Was a Priest of Trog.
             Slain by a freezing wraith (6 damage)
             ... on level 2 of the Abyss.
             The game lasted 00:33:52 (10184 turns).

Kerr0r the Severer (Hill Orc Berserker)            Turns: 10184, Time: 00:33:52

Health: -2/166     AC: 13    Str: 24    XL:     11   Next: 43%
Magic:  0/11       EV:  7    Int:  7    God:    Trog [***...]
Gold:   2272       SH:  0    Dex: 10    Spells: 10/10 levels left

rFire    . . .     SeeInvis .   x - +0 hand axe (venom)
rCold    . . .     Gourm    .   (no shield)
rNeg     . . .     Faith    .   n - +1 plate armour
rPois    .         Spirit   +   (no helmet)
rElec    .         Reflect  .   (no cloak)
rCorr    +         Harm     .   i - +0 pair of gloves
MR       ++...                  (no boots)
Stlth    ..........             D - amulet of guardian spirit
HPRegen  1.37/turn              v - ring of resist corrosion
MPRegen  0.12/turn              (no ring)

@: berserking, about to teleport, stab, regenerating, very quick
A: no striking features
a: Berserk, Trog's Hand, Renounce Religion


You were on level 2 of the Abyss.
You worshipped Trog.
Trog was most pleased with you.
You were not hungry.

You visited 1 branch of the dungeon, and saw 9 of its levels.
You visited the Abyss 1 time.

You collected 2272 gold pieces.

Inventory:

Hand Weapons
 a - a +0 hand axe
 x - a +0 hand axe of venom (weapon)
Armour
 b - a +0 animal skin
 i - a +0 pair of gloves (worn)
 j - a +0 leather armour
 n - a +1 plate armour (worn)
Jewellery
 q - an uncursed ring of magical power {unknown}
 v - a ring of resist corrosion (left hand)
 D - an amulet of guardian spirit (around neck)
Wands
 w - a wand of acid (26)
 A - a wand of disintegration (13)
 H - a wand of polymorph (8)
Scrolls
 e - a scroll of fear
 h - 9 scrolls of teleportation
 k - a scroll of immolation
 m - 3 scrolls of remove curse
 p - 6 scrolls of identify
 r - a scroll of magic mapping
 u - 2 scrolls of amnesia
 y - a scroll of enchant armour
 B - a scroll of random uselessness
Potions
 d - 2 potions of stabbing
 f - a potion of magic {unknown}
 g - 3 potions of curing {unknown}
 l - 3 potions of degeneration {unknown}
 o - 2 potions of resistance {unknown}
 s - a potion of haste {unknown}
 t - 2 potions of heal wounds {unknown}
 z - 2 potions of lignification {unknown}
 G - a potion of flight {unknown}
Comestibles
 c - 9 rations


   Skills:
 + Level 14.5 Fighting
 + Level 15.6 Axes
 - Level 2.1 Armour
 - Level 1.5 Dodging


You had 10 spell levels left.
You didn't know any spells.
Your spell library was empty.

Dungeon Overview and Level Annotations

Branches:
Dungeon (9/15)             Temple (0/1) D:4            Lair (0/6) D:8
    Orc: D:9-12

Altars:
Uskayaw

Shops:
D:5 *

Portals:
Abyss: D:5

Annotations:
D:9 Psyche


Message History

A red draconian comes into view. It is wielding a +0 battleaxe.
It was a potion of stabbing.
You feel ready to backstab.
The red draconian roars!
Your skin crawls.
You feel resistant to hostile enchantments.
You feel quite a bit more hungry.
Okay, then.
As you read the scroll of teleportation, it crumbles to dust.
You feel strangely unstable.
You feel the power of the Abyss delaying your translocation!
A red film seems to cover your vision as you go berserk!
You feel yourself moving faster!
You feel mighty!
You feel a lot more hungry. The freezing wraith hits you.
The freezing wraith freezes you!!
* * * LOW HITPOINT WARNING * * *
The freezing wraith hits you but does no damage.
You hit the freezing wraith.
The freezing wraith is lightly damaged.
The freezing wraith hits you!
You die...

# # ..# ###. ...
## ....d .. #.#
#...#### . #...
#..@W###...#
#.#.##X.#.. ## ##
#.#...#..#
####X## . #.#.#
## ## # . .
##..##....X###...
#....W.. X....#
.##... . XX.## #


You could see 2 starcursed masses, a red draconian and a freezing wraith.

Vanquished Creatures
  2 two-headed ogres
  The ghost of hofbold the Magician, a novice DEFE of Sif Muna (D:5)
  A red devil (Abyss:2)
  A hippogriff (D:3)
  Prince Ribbit (D:7)
  5 yaks (D:8)
  A ynoxinul (Abyss:2)
  A small abomination (Abyss:2)
  A large abomination (Abyss:2)
  A spriggan (D:7)
  2 porcupines (D:8)
  3 hell hounds (Abyss:2)
  4 orc warriors
  A black bear (D:8)
  A sky beast (D:8)
  3 ice beasts
  5 ogres
  4 centaurs
  A phantom (D:6)
  2 crocodiles
  2 bullfrogs
  A water moccasin zombie (D:6)
  2 scorpions (D:8)
  A water moccasin skeleton (D:8)
  17 killer bees (D:8)
  A howler monkey (D:6)
  A crimson imp (D:8)
  4 hounds
  3 jellies
  A quasit (D:9)
  6 orc priests
  4 bullfrog zombies
  7 orc wizards
  4 iguanas
  5 worker ants
  7 gnolls
  A howler monkey skeleton (D:4)
  9 adders
  3 river rats (D:3)
  A white imp (D:5)
  2 ufetubi (D:5)
  An ooze (D:6)
  An adder zombie (D:6)
  2 adder skeletons
  A worm (D:4)
  2 dart slugs
  8 leopard geckos
  37 orcs
  10 bats
  5 giant cockroaches
  10 hobgoblins
  9 jackals
  3 quokkas
  2 ball pythons
  8 frilled lizards
  10 goblins
  A jackal skeleton (D:7)
  11 kobolds
  8 rats
  A fungus (D:8)
  A plant (D:8)
254 creatures vanquished.

Vanquished Creatures (collateral kills)
  The ghost of hallab the Magician, a novice GnSk of Yredelemnul (D:7)
  A worldbinder (Abyss:2)
  An ancient zyme (Abyss:2)
  2 hell hounds (Abyss:2)
  An orc warrior (D:8)
  4 gnolls (D:7)
  An ufetubus (Abyss:2)
  An orc (D:8)
12 creatures vanquished.

Vanquished Creatures (others)
  A fungus (D:8)
1 creature vanquished.

Grand Total: 267 creatures vanquished

Notes
Turn   | Place    | Note
-------+----------+-------------------------------------------
     0 | D:1      | Kerr0r the Hill Orc Berserker began the quest for the Orb.
     0 | D:1      | Reached XP level 1. HP: 19/19 MP: 1/1
   160 | D:1      | Reached XP level 2. HP: 23/27 MP: 2/2
   854 | D:2      | Reached XP level 3. HP: 34/34 MP: 3/3
   883 | D:2      | Reached ** piety under Trog
   938 | D:2      | Reached skill level 5 in Axes
  1287 | D:2      | Reached XP level 4. HP: 37/41 MP: 4/4
  1917 | D:2      | Reached skill level 5 in Fighting
  2470 | D:3      | Reached XP level 5. HP: 44/48 MP: 5/5
  2473 | D:3      | Reached skill level 6 in Axes
  2512 | D:3      | Reached *** piety under Trog
  2821 | D:3      | Noticed a hippogriff
  2830 | D:3      | Killed a hippogriff
  2830 | D:3      | Reached skill level 7 in Axes
  2830 | D:3      | Reached XP level 6. HP: 58/58 MP: 6/6
  3113 | D:4      | Reached XP level 7. HP: 66/66 MP: 7/7
  3289 | D:4      | Reached skill level 8 in Axes
  3541 | D:4      | Found a staircase to the Ecumenical Temple.
  3602 | D:5      | Entered Level 5 of the Dungeon
  3699 | D:5      | Found Etamal's General Store.
  4115 | D:5      | Found a one-way gate to the infinite horrors of the Abyss.
  4115 | D:5      | Noticed hofbold's ghost (novice DEFE)
  4127 | D:5      | Found a transporter.
  4312 | D:5      | Found a transporter.
  4526 | D:5      | Killed hofbold's ghost
  4526 | D:5      | Reached skill level 9 in Axes
  4526 | D:5      | Reached XP level 8. HP: 75/75 MP: 8/8
  4826 | D:6      | Reached skill level 10 in Axes
  4994 | D:6      | Reached **** piety under Trog
  5123 | D:6      | Reached skill level 10 in Fighting
  5194 | D:6      | Reached XP level 9. HP: 74/85 MP: 9/9
  5398 | D:6      | Reached skill level 11 in Axes
  6049 | D:7      | Noticed Prince Ribbit
  6057 | D:7      | Killed Prince Ribbit
  6377 | D:7      | Reached skill level 12 in Axes
  6418 | D:7      | Found a runed translucent gate.
  6418 | D:7      | Found a runed translucent gate.
  6423 | D:7      | Found a runed translucent gate.
  6427 | D:7      | Noticed hallab's ghost (novice GnSk)
  6460 | D:7      | Killed hallab's ghost
  6734 | D:7      | You fall into a shaft and drop 2 floors!
  6818 | D:9      | Reached XP level 10. HP: 95/97 MP: 10/10
  6850 | D:8      | Reached skill level 13 in Axes
  7213 | D:8      | Noticed a two-headed ogre
  7226 | D:8      | Killed a two-headed ogre
  7506 | D:8      | Found a staircase to the Lair.
  7597 | D:8      | Reached skill level 14 in Axes
  8368 | D:8      | Reached XP level 11. HP: 108/108 MP: 11/11
  8963 | D:9      | Noticed a two-headed ogre
  8978 | D:8      | Identified a scroll of acquirement
  9002 | D:9      | Killed a two-headed ogre
  9002 | D:9      | Reached skill level 15 in Axes
  9648 | D:9      | Noticed a +0 hand axe
  9651 | D:9      | Noticed a +0 dagger
  9652 | D:9      | Found a hide-covered altar of Uskayaw.
  9897 | D:9      | Noticed Psyche
  9905 | D:9      | Cast into level 2 of the Abyss (Psyche)
  9934 | Abyss:2  | Noticed a worldbinder
  9940 | Abyss:2  | Killed a worldbinder
 10070 | Abyss:2  | Noticed a great orb of eyes
 10155 | Abyss:2  | Noticed a starcursed mass
 10179 | Abyss:2  | Noticed a red draconian
 10183 | Abyss:2  | HP: 4/166 [freezing wraith (19)]
 10184 | Abyss:2  | Slain by a freezing wraith

Illustrated notes

Levels and vault maps discovered:
D:1:      grunt_arrival_lava_bath, layout_loops_cross
D:2:      layout_basic
D:3:      layout_basic, gup_sewer_entry_bubbles
D:4:      layout_rooms, minmay_temple_entry_nine_rooms, first_ration
D:5:      layout_basic, serial_shops, nicolae_shop_statue_plus,
          gammafunk_ghost_abyssal_escape
D:6:      layout_loops_ring
D:7:      layout_loops_ring, ebering_ghost_rock_garden, the_bakery,
          uniq_prince_ribbit1
D:8:      layout_basic, grunt_lair_entry_orc_guard_hut
D:9:      layout_layer_cave, dancing_weapons_uskayaw, special_room
          [special_room_bee], uniq_psyche
Abyss:2:  base:
Sewer

Skill      XL: |  1  2  3  4  5  6  7  8  9 10 11 |
---------------+----------------------------------+-----
Fighting       | 4 5 6 7 8 10 11 13 14 | 14.5
Axes           | 5 7 9 10 12 14 15 | 15.6
Armour         | |  2.1
Dodging        | |  1.5

Action                   |  1- 3 |  4- 6 |  7- 9 | 10-12 || total
-------------------------+-------+-------+-------+-------++-------
Melee: Hand axe          |   131 |   191 |   320 |   299 ||   941
Invok: Berserk           |     1 |     5 |    12 |    14 ||    32
       Trog's Hand       |       |       |     1 |     4 ||     5
       Brothers in Arms  |       |       |     2 |     4 ||     6
  Use: Scroll            |       |       |       |    16 ||    16
       Potion            |       |       |       |     1 ||     1
  Eat: Chunk             |     2 |    10 |    21 |    17 ||    50
       Ration            |       |       |     1 |     3 ||     4
Armor: Animal skin       |     6 |       |       |       ||     6
       Plate armour      |    59 |   122 |   127 |   159 ||   467
       Leather armour    |     3 |       |       |       ||     3
Dodge: Dodged            |    52 |    66 |    68 |    84 ||   270
